 Dungeon Crawl Stone Soup version 0.29.1-2-gbd0b4ee654 (webtiles) character file.

Game seed: 10271702002744895325

67 Ivernyr the Sneak (level 4, -5/36 HPs)
             Began as a Naga Enchanter on Oct 29, 2022.
             Killed from afar by Terence (23 damage)
             ... with a bolt of light
             ... on level 3 of the Dungeon.
             The game lasted 00:05:41 (2418 turns).

Ivernyr the Sneak (Naga Enchanter)                  Turns: 2418, Time: 00:05:42

Health: -5/36      AC:  3    Str: 11    XL:     4   Next: 16%
Magic:  7/7        EV:  9    Int: 17    God:
Gold:   115        SH:  0    Dex: 11    Spells: 3/8 levels left

rFire   . . .      SeeInvis +   a - +1 dagger
rCold   . . .      Faith    .   (no shield)
rNeg    . . .      Spirit   .   b - +0 robe
rPois   +          Reflect  .   j - +0 helmet
rElec   .          Harm     .   (no cloak)
rCorr   .          Rampage  .   (no gloves)
Will    .....                   (no barding)
Stlth   +++.......              (no amulet)
HPRegen 0.12/turn               (no ring)
MPRegen 0.10/turn               (no ring)

@: very slow
A: AC +1, large, see invisible, deformed body, poison resistance, slowness 2,
spit poison 1, naga tail 1
a: Spit Poison


You were on level 3 of the Dungeon.
You visited 1 branch of the dungeon, and saw 3 of its levels.

You collected 115 gold pieces.

Inventory:

Hand Weapons
 a - a +1 dagger (weapon)
Armour
 b - a +0 robe (worn)
 j - a +0 helmet (worn)
Jewellery
 e - an amulet of guardian spirit
Scrolls
 f - a scroll of noise {unknown}
 g - a scroll of enchant armour {unknown}
 l - a scroll of identify {unknown}
 m - a scroll of brand weapon {unknown}
 n - a scroll of immolation {unknown}
Potions
 c - 2 potions of invisibility
 d - 4 potions of curing {unknown}
 h - a potion of flight {unknown}
 i - a potion of lignification {unknown}
 k - a potion of degeneration {unknown}


   Skills:
 + Level 1.8 Short Blades
 - Level 1.5 Dodging
 * Level 5.8 Stealth
 + Level 2.5 Spellcasting
 + Level 3.4 Hexes


You had 3 spell levels left.
You knew the following spells:

 Your Spells              Type           Power      Damage    Failure   Level
a - Ensorcelled Hibernat  Hex/Ice        16%        N/A       14%         2
b - Confusing Touch       Hex            13%        N/A       13%         3

Your spell library contained the following spells:

 Spells                   Type           Power      Damage    Failure   Level
 Tukima's Dance           Hex            13%        N/A       13%         3
 Dazzling Flash           Conj/Hex       16%        N/A       26%         3


Dungeon Overview and Level Annotations

Branches:
Dungeon (3/15)

Altars:

Annotations:
D:3 Terence


Innate Abilities, Weirdness & Mutations

Your serpentine skin is tough. (AC +1)
You have supernaturally acute eyesight. (SInv)
Armour fits poorly on your strangely shaped body.
Your system is resistant to poisons. (rPois)
You cover ground very slowly.
You can spit poison.
You have a snake-like lower body.


Message History

You kill the bat!
There is a stone staircase leading up here.
You see here a +0 leather armour.
Found a leather armour.
Done exploring.
Done exploring.
(D) Dungeon
Where to? (Enter - D:2, ? - help)
What level of the Dungeon? (default 1, ? - help)
There is a stone staircase leading down here.
You climb downwards.
Found 12 gold pieces.
There is a stone staircase leading up here.
You now have 115 gold pieces (gained 12).
Found a stone staircase leading down.
n - a scroll labelled QYLARUOMAM
d - 4 fizzy cyan potions (gained 1) Terence the Incautious comes into view.
He is wielding a +0 mace and carrying a wand of light (9).
Terence is nearby!
Found a robe.
Found 7 stones.
A rat comes into view.
Terence shouts!
You hear a shout!
Terence closely misses you.
You barely miss Terence.
A kobold comes into view. It is wielding a +0 whip.
Terence closely misses you. Terence attacks as you move away!
Terence hits you with a +0 mace! Terence barely misses you.
Terence attacks as you move away! Terence hits you with a +0 mace.
Terence attacks as you move away! Terence closely misses you.
Terence zaps a wand.
The bolt of light misses you.
Terence shouts, "DIE!!!"
Terence closely misses you.
Terence shouts, "DIE!!!"
Terence hits you with a +0 mace. x2
Terence attacks as you move away! Terence closely misses you.
Terence zaps a wand.
The bolt of light hits you!!
Ouch! That really hurt!
You die...

#..#!..........#
###.#...#..#....#
######..>......##....#
##..............# ......
#...# #.........# ....##
#...# #...K.....##.!..#
#.<.# #................
#...###..@......##....##
#......@........##....#
#...###................
#...# #................
#...# ############### #
#...# #...# #####


You could see Terence and a kobold.

Vanquished Creatures
  3 adders (D:2)
  7 ball pythons
  6 bats
  3 endoplasms
  2 giant cockroaches
  2 goblins
  2 hobgoblins
  4 jackals (D:2)
  2 quokkas
  A frilled lizard (D:1)
  2 kobolds
  2 rats
36 creatures vanquished.

Notes
Turn   | Place    | Note
-------+----------+-------------------------------------------
     0 | D:1      | Ivernyr the Naga Enchanter began the quest for the Orb.
     0 | D:1      | Reached XP level 1. HP: 15/15 MP: 3/3
   150 | D:1      | Reached XP level 2. HP: 22/22 MP: 5/5
   512 | D:1      | Reached skill level 5 in Stealth
   769 | D:1      | Found a faded altar of an unknown god.
  1255 | D:2      | Learned a level 2 spell: Ensorcelled Hibernation
  1301 | D:2      | Reached XP level 3. HP: 28/28 MP: 6/6
  1968 | D:2      | Learned a level 3 spell: Confusing Touch
  2052 | D:2      | Reached XP level 4. HP: 21/36 MP: 1/7
  2401 | D:3      | Noticed Terence
  2418 | D:3      | Killed from afar by Terence

Illustrated notes

Levels and vault maps discovered:
D:1:      minmay_arrival_four_houses, layout_basic,
          shapermc_ecumenical_altar_totnotflames, kennysheep_nondescript,
          hangedman_decor_clover_reticule
D:2:      layout_loops_ring, columned_hall_lemuel, kennysheep_flooded_box
D:3:      layout_rooms, uniq_terence

Skill      XL: |  1  2 |
---------------+-------+-----
Stealth        | 5 |  5.8
Short Blades   | |  1.8
Dodging        | |  1.5
Spellcasting   | |  2.5
Hexes          | |  3.4

Action                   |  1- 3 |  4- 6 || total
-------------------------+-------+-------++-------
Melee: Dagger            |   123 |     3 ||   126
 Cast: Ensorcelled Hiber |    11 |     1 ||    12
 Abil: Spit Poison       |     8 |       ||     8
 Stab: Sleeping          |    12 |     2 ||    14
Armor: Robe              |    39 |       ||    39
Dodge: Dodged            |    61 |     7 ||    68
